 Dungeon Crawl Stone Soup version 0.19.0-2-gae57169 (webtiles) character file.

25 Alarkh the Grave Robber (level 2, 16/19 HPs)
             Began as a Mummy Necromancer on Nov 6, 2016.
             Safely got out of the dungeon.
             The game lasted 00:02:02 (1581 turns).

Alarkh the Grave Robber (Mummy Necromancer)         Turns: 1581, Time: 00:02:04

Health: 16/19      AC:  2    Str: 11    XL:     2   Next: 86%
Magic:  5/5        EV: 12    Int: 14    God:
Gold:   38         SH:  0    Dex: 12    Spells: 1 memorised, 5 levels left

rFire  x . .     SeeInvis .     f - +0 short sword (venom)
rCold  + . .     Gourm    .     a - +0 robe
rNeg   + + +     Faith    .     (no shield)
rPois  ∞         Spirit   .     (no helmet)
rElec  .         Reflect  .     (no cloak)
rCorr  .         Harm     .     (no gloves)
MR     .....                    (no boots)
Stlth  ++........               (no amulet)
                                (no ring)
                                (no ring)

@: no status effects
A: no food or potions, fire vulnerability, cold resistance 1, negative energy
resistance 3, torment resistance, unbreathing
a: no special abilities


You escaped.
You were not hungry.

You visited 1 branch of the dungeon, and saw 2 of its levels.

You collected 38 gold pieces.

Inventory:

Hand Weapons
 d - a +0 dagger
 f - a +0 short sword of venom (weapon)
Armour
 a - a +0 robe (worn)
Scrolls
 c - a scroll of recharging
 e - a scroll of identify
 g - a scroll of enchant weapon {unknown}
Books
 b - a book of Necromancy

   Spells                             Type                      Level
   a - Pain                           Necromancy                   1
   b - Animate Skeleton               Necromancy                   1
   c - Vampiric Draining              Necromancy                   3
   d - Regeneration                   Charms/Necromancy            3
   e - Animate Dead                   Necromancy                   4
   f - Control Undead                 Necromancy                   4


   Skills:
 + Level 0.2 Fighting
 - Level 1.5 Dodging
 - Level 1.5 Stealth
 - Level 2.6 Spellcasting
 - Level 4.4 Necromancy


You had 5 spell levels left.
You knew the following spells:

 Your Spells              Type           Power        Failure   Level  Hunger
a - Pain                  Necr           ##..         3%          1    N/A

Dungeon Overview and Level Annotations

Branches:
Dungeon (2/15)

Altars:
Trog


Innate Abilities, Weirdness & Mutations

You do not eat or drink.
Your flesh is vulnerable to fire.
You are immune to poison.
Your flesh is cold resistant. (rC+)
You are immune to negative energy. (rN+++)
You are immune to unholy pain and torment.
You can survive without breathing.


Message History

There is a stone staircase leading down here.
A hobgoblin comes into view. It is wielding a club.
You can't go up here!
The hobgoblin shouts!
The hobgoblin hits you but does no damage.
You barely miss the hobgoblin. The hobgoblin barely misses you.
You closely miss the hobgoblin. The hobgoblin hits you with a club.
You hit the hobgoblin.
The hobgoblin is moderately wounded.
The hobgoblin hits you with a club.
You hit the hobgoblin.
You kill the hobgoblin!
No target in view!
(D) Dungeon
Where to? (Enter - D:1 @ (x,y), ? - help)
There is a fountain of clear blue water here.
There is an open door here.
There is a staircase leading out of the dungeon here.
Are you sure you want to leave the Dungeon?
This will make you lose the game!
You have escaped!

#.# #.......# #..... #.#
#####...# ######
#.##############...#####
#####.##.............⌠.##..#
......>..##............##..#
#####.###############..##..#
#......# ########...'..#
#.##.#.# #.....##..##..#
#.##.#.# #..@..'...##..#
##.##.#.## #.....##..##..#
##.......# ########..#####
##.......# #########..#
##..)....# #...#.....##
##.......# ###.#.#####
##.......######..%#
##.......#.......##
##.......#.#####.#


There were no monsters in sight!

Vanquished Creatures
  A worm (D:1)
  A leopard gecko (D:1)
  2 goblins (D:1)
  3 hobgoblins (D:1)
  4 jackals (D:1)
  3 kobolds
  3 bats
  2 rats
19 creatures vanquished.

Notes
Turn   | Place    | Note
-------+----------+-------------------------------------------
     0 | D:1      | Alarkh the Mummy Necromancer began the quest for the Orb.
     0 | D:1      | Reached XP level 1. HP: 13/13 MP: 3/3
   584 | D:1      | Reached XP level 2. HP: 6/19 MP: 3/5
  1472 | D:2      | Found a faded altar of an unknown god.
  1481 | D:2      | Became a worshipper of Trog the Wrathful
  1481 | D:2      | Reached * piety under Trog
  1482 | D:2      | Fell from the grace of Trog
  1581 | D:$      | Safely got out of the dungeon.

Action                   || total
-------------------------++-------
Melee: Short sword       ||    41
       Dagger            ||     4
 Cast: Pain              ||    22
Invok: Renounce Religion ||     1
  Use: Scroll            ||     1
Armor: Robe              ||    11
Dodge: Dodged            ||    21
